 Dungeon Crawl Stone Soup version 0.28-a0-1616-g050a50673c (webtiles) character file.

Game seed: 10263435145662498374

92 a3don the Chiller (level 4, -1/33 HPs)
             Began as a Demonspawn Ice Elementalist on Jan 22, 2022.
             Slain by a sky beast (5 damage)
             ... on level 3 of the Dungeon.
             The game lasted 00:03:34 (3474 turns).

a3don the Chiller (Demonspawn Ice Elementalist)     Turns: 3474, Time: 00:03:34

Health: -1/33      AC:  4    Str:  9    XL:     4   Next: 35%
Magic:  1/7        EV: 12    Int: 18    God:
Gold:   79         SH:  0    Dex: 13    Spells: 4/8 levels left

rFire   . . .      SeeInvis .   b - +0 war axe
rCold   . . .      Faith    .   (no shield)
rNeg    . . .      Spirit   .   a - +0 robe
rPois   .          Reflect  .   (no helmet)
rElec   .          Harm     .   (no cloak)
rCorr   .          Rampage  .   (no gloves)
Will    .....                   (no boots)
Stlth   ++........              (no amulet)
HPRegen 0.11/turn               (no ring)
MPRegen 0.10/turn               (no ring)

@: no status effects
A: rugged brown scales 2
a: no special abilities


You were on level 3 of the Dungeon.
You visited 1 branch of the dungeon, and saw 3 of its levels.

You collected 79 gold pieces.

Inventory:

Hand Weapons
 b - a +0 war axe (weapon)
Missiles
 c - 5 boomerangs of dispersal
 d - 6 javelins (quivered)
Armour
 a - a +0 robe (worn)
Jewellery
 g - an amulet of guardian spirit
Scrolls
 e - a scroll of brand weapon {unknown}
 f - 2 scrolls of identify {unknown}


   Skills:
 + Level 1.2 Fighting
 + Level 0.2 Axes
 + Level 2.4 Dodging
 - Level 2.0 Stealth
 + Level 2.6 Spellcasting
 * Level 4.3 Ice Magic


You had 4 spell levels left.
You knew the following spells:

 Your Spells              Type           Power      Damage    Failure   Level
a - Freeze                Ice            68%        1d8       3%          1
b - Frozen Ramparts       Ice            34%        1d5       9%          3

Your spell library contained the following spells:

 Spells                   Type           Power      Damage    Failure   Level
 Ozocubu's Armour         Ice            17%        N/A       9%          3
 Apportation              Tloc           4%         N/A       17%         1
 Inner Flame              Hex/Fire       2%         N/A       45%         3
 Hailstorm                Conj/Ice       10%        3d5       56%         4
 Cause Fear               Hex            1%         N/A       86%         4
 Alistair's Intoxication  Tmut/Pois      1%         N/A       99%         5
 Discord                  Hex            1%         N/A       100%        8


Dungeon Overview and Level Annotations

Branches:
Dungeon (3/15)

Altars:


Innate Abilities, Weirdness & Mutations

You are mostly covered in rugged brown scales. (AC +2, +5% HP)


Message History

Casting: Freeze (safe; 3% risk of failure)
Confirm with . or Enter, or press ? or * to list all spells.
Aiming: Freeze (safe; 3% risk of failure)
Press: ? - help, Shift-Dir - straight line, f/p - sky beast
Aim: a sky beast (lightly wounded)
You freeze the sky beast.
The sky beast is moderately wounded.
The sky beast hits you but does no damage.
Casting: Freeze (safe; 3% risk of failure)
Confirm with . or Enter, or press ? or * to list all spells.
Aiming: Freeze (safe; 3% risk of failure)
Press: ? - help, Shift-Dir - straight line, f/p - sky beast
Aim: a sky beast (moderately wounded)
You freeze the sky beast.
The sky beast is moderately wounded.
The sky beast barely misses you.
Casting: Freeze (safe; 3% risk of failure)
Confirm with . or Enter, or press ? or * to list all spells.
Aiming: Freeze (safe; 3% risk of failure)
Press: ? - help, Shift-Dir - straight line, f/p - sky beast
Aim: a sky beast (moderately wounded)
You freeze the sky beast.
The sky beast is heavily wounded.
The sky beast flickers out of sight!
Deactivating autopickup; reactivate with Ctrl-A.
Something hits you. Something shocks you.
* * * LOW HITPOINT WARNING * * *
Casting: Freeze (safe; 3% risk of failure)
Confirm with . or Enter, or press ? or * to list all spells.
Aiming: Freeze (safe; 3% risk of failure)
Press: ? - help, Shift-Dir - straight line You freeze something.
Something hits you but does no damage.
Casting: Freeze (safe; 3% risk of failure)
Confirm with . or Enter, or press ? or * to list all spells.
Aiming: Freeze (safe; 3% risk of failure)
Press: ? - help, Shift-Dir - straight line You freeze something.
Something hits you.
* * * LOW HITPOINT WARNING * * *
Something shocks you.
You die...

.. .. .. ## ♣♣♣ ♣♣♣♣♣♣
..♣♣♣♣♣♣♣....♣♣♣♣♣♣♣..♣
♣....♣♣...♣♣....@{....♣
♣♣♣♣...♣♣♣♣♣♣♣♣♣♣♣...♣♣
♣♣♣♣♣ ..♣ ... ♣♣♣


There were no monsters in sight!

Vanquished Creatures
  2 adders
  3 gnolls (D:2)
  A dart slug (D:1)
  7 endoplasms
  A giant cockroach (D:2)
  6 goblins
  3 hobgoblins (D:1)
  2 quokkas
  4 ball pythons (D:2)
  5 bats
  5 frilled lizards
  2 kobolds (D:1)
  5 rats
46 creatures vanquished.

Vanquished Creatures (others)
  5 plants (D:3)
5 creatures vanquished.

Grand Total: 51 creatures vanquished

Notes
Turn   | Place    | Note
-------+----------+-------------------------------------------
     0 | D:1      | a3don the Demonspawn Ice Elementalist began the quest for
                  | the Orb.
     0 | D:1      | Reached XP level 1. HP: 13/13 MP: 3/3
   363 | D:1      | Gained mutation: You are partially covered in rugged brown
                  | scales. (AC +1, +3% HP) [demonic ancestry]
   363 | D:1      | Reached XP level 2. HP: 11/19 MP: 5/5
  1869 | D:2      | Gained mutation: You are mostly covered in rugged brown
                  | scales. (AC +2, +5% HP) [demonic ancestry]
  1869 | D:2      | Reached XP level 3. HP: 20/26 MP: 6/6
  1873 | D:2      | Learned a level 3 spell: Frozen Ramparts
  2006 | D:2      | Reached skill level 4 in Ice Magic
  2876 | D:2      | Reached skill level 1 in Fighting
  2877 | D:2      | Reached XP level 4. HP: 24/33 MP: 3/7
  3461 | D:3      | Noticed a sky beast
  3474 | D:3      | Slain by a sky beast

Illustrated notes

Levels and vault maps discovered:
D:1:      scummos_arrival_forest, layout_basic
D:2:      minmay_diamond_boxcup, layout_basic, hex_medium
D:3:      kb_forest_paths, layout_basic, lemuel_round_altar,
          cheibrodos_worm_habitat, serial_bayou_lake_a

Skill      XL: |  1  2  3 |
---------------+----------+-----
Dodging        | 2 |  2.4
Stealth        | 2 |  2.0
Ice Magic      | 4 |  4.3
Fighting       | 1 |  1.2
Axes           | |  0.2
Spellcasting   | |  2.6

Action                   |  1- 3 |  4- 6 || total
-------------------------+-------+-------++-------
Melee: War axe           |    68 |    19 ||    87
       Punch             |     3 |     1 ||     4
Throw: Javelin           |     2 |       ||     2
 Cast: Freeze            |    16 |    14 ||    30
       Frozen Ramparts   |     1 |       ||     1
  Use: Potion            |     1 |       ||     1
 Stab: Sleeping          |     5 |     1 ||     6
Armor: Robe              |    26 |    10 ||    36
       Skin              |     4 |       ||     4
Dodge: Dodged            |    54 |    23 ||    77

Table legend: (Time is in decaauts)
 A = Elapsed time spent in this place.
 B = Non-inter-level travel time spent in this place.
 C = Inter-level travel time spent in this place.
 D = Time resting spent in this place.
 E = Time spent auto-exploring this place.
 F = Levels seen in this place.
 G = Mean time per level.
                   A        B        C        D        E       F      G
               +--------+--------+--------+--------+--------+-----+--------+
         Total |   3517 |   3476 |     41 |    958 |   2144 |   3 | 1172.3 |
       Dungeon |   3517 |   3476 |     41 |    958 |   2144 |   3 | 1172.3 |
               +--------+--------+--------+--------+--------+-----+--------+

Top non-repeatable levels by time:
     D:2: 1820 daAuts
     D:1: 1478 daAuts
     D:3: 218 daAuts
